 Dungeon Crawl Stone Soup version 0.30-a0-634-g8abc85282e (webtiles) character file.

Game seed: 2441493976406101287

132 ryw the Cudgeller (level 4, -8/39 HPs)
             Began as an Armataur Gladiator on Jan 15, 2023.
             Mangled by an ogre
             ... wielding a +0 giant club
              (32 damage)
             ... on level 4 of the Dungeon.
             The game lasted 00:05:44 (2395 turns).

ryw the Cudgeller (Armataur Gladiator)              Turns: 2395, Time: 00:05:44

Health: -8/39      AC:  8    Str: 21    XL:     4   Next: 92%
Magic:  4/4        EV: 10    Int:  9    God:
Gold:   169        SH:  0    Dex: 11    Spells: 3/3 levels left

rFire   . . .      SeeInvis .    a - +0 flail
rCold   . . .      Faith    .    (no shield)
rNeg    . . .      Spirit   .    b - +0 leather armour
rPois   .          Reflect  .    c - +0 helmet
rElec   .          Harm     .    l - +1 cloak
rCorr   .          Roll     +    q - +0 pair of gloves
Will    .....                    (no barding)
Stlth   +                        (no amulet)
HPRegen 0.26/turn                (no ring)
MPRegen 0.09/turn                (no ring)

@: confused, hasted, very quick
A: large, rugged brown scales 3, deformed body, armoured tail, roll, long
tongue, awkward tongue
a: no special abilities


You were on level 4 of the Dungeon.
You visited 1 branch of the dungeon, and saw 4 of its levels.

You collected 169 gold pieces.

Inventory:

Hand Weapons
 a - a +0 flail (weapon)
Missiles
 d - 3 throwing nets (quivered)
 e - 5 javelins
 f - 2 boomerangs
Armour
 b - a +0 leather armour (worn)
 c - a +0 helmet (worn)
 l - a +1 cloak (worn)
 q - a +0 pair of gloves (worn)
Jewellery
 m - a ring of fire
Scrolls
 s - a scroll of teleportation
Potions
 i - 2 potions of degeneration
 o - a potion of mutation
 z - a potion of might {unknown}


   Skills:
 + Level 2.6 Fighting
 * Level 3.7 Maces & Flails
 + Level 2.6 Throwing
 + Level 2.7 Dodging


You had 3 spell levels left.
You didn't know any spells.
Your spell library was empty.

Dungeon Overview and Level Annotations

Branches:
Dungeon (4/15)
 Temple: D:4-7

Altars:

Shops:
D:1 *   D:3 :


Innate Abilities, Weirdness & Mutations

You are completely covered in rugged brown scales. (AC +3, +7% HP)
Armour fits poorly on your strangely shaped body.
You have a long armoured tail.
You roll when moving toward enemies. (Rampage)
Your long tongue fully drains potion bottles. (2x potion effects)
Your tongue gives you trouble enunciating. (1.5x scroll delay)


Message History

The goblin closely misses you. The goblin hits you but does no damage.
You sock the goblin!
You kill the goblin!
You feel sick.
You feel sick.
You see here a +0 dagger.
You feel sick.
Things that are here:
a +0 dagger of venom; a goblin corpse You start resting.
You feel sick. x4
You are no longer poisoned.
You start resting.
HP restored.
Done exploring.
Things that are here:
a +0 chain mail; a +0 dagger
There is a stone staircase leading down here.
You climb downwards.
The ogre hits you with a +0 giant club!
The orc wizard gestures at you while chanting.
You are confused.
There is a stone staircase leading up, spattered with blood here.
Unknown command.
You slurp down every last drop of the potion of haste!
You feel yourself speed up.
The orc wizard hits you with a +0 dagger.
The ogre hits you with a +0 giant club!
* * * LOW HITPOINT WARNING * * *
You're too confused to move!
The orc wizard closely misses you.
You slurp down every last drop of the potion of heal wounds!
You feel much better. The ogre closely misses you.
The orc wizard hits you but does no damage.
You're too confused to move!
You barely miss the ogre.
The orc wizard hits you but does no damage.
The ogre hits you with a +0 giant club!
You barely miss the ogre. The orc wizard completely misses you.
You closely miss the ogre.
The ogre hits you with a +0 giant club!!
Ouch! That really hurt!
You die...

## ##.## ##
....# . ...##
#. ....#
..###.###...##
......[o.....#
#.O@# #..##
....## ......
.......
#......
#......
##..#..


You could see an ogre and an orc wizard.

Vanquished Creatures
  Terence (D:1)
  An adder (D:3)
  2 worms
  3 dart slugs
  5 orcs
  10 ball pythons
  9 bats
  11 endoplasms
  A giant cockroach (D:1)
  8 goblins
  5 hobgoblins
  4 quokkas
  3 frilled lizards
  8 kobolds
  3 rats
74 creatures vanquished.

Vanquished Creatures (others)
  4 toadstools (D:4)
4 creatures vanquished.

Grand Total: 78 creatures vanquished

Notes
Turn   | Place    | Note
-------+----------+-------------------------------------------
     0 | D:1      | ryw the Armataur Gladiator began the quest for the Orb.
     0 | D:1      | Reached XP level 1. HP: 18/18 MP: 1/1
    70 | D:1      | Reached XP level 2. HP: 25/25 MP: 2/2
   174 | D:1      | Reached skill level 3 in Maces & Flails
   284 | D:1      | Reached XP level 3. HP: 30/31 MP: 3/3
   485 | D:1      | Found Fucvima's General Store.
   745 | D:2      | Noticed Terence
   784 | D:1      | Killed Terence
   785 | D:1      | Reached XP level 4. HP: 4/39 MP: 4/4
  2083 | D:3      | Found Figu's Book Shop.
  2227 | D:4      | Noticed an ogre
  2395 | D:4      | Mangled by an ogre

Illustrated notes

Levels and vault maps discovered:
D:1:      amcnicky_arrival_blooded_trapdoor, layout_rooms, serial_shops,
          nicolae_shop_statue_plus, chequers_serial_rivers_large_b
D:2:      layout_rooms, uniq_terence
D:3:      layout_basic, serial_shops, nicolae_shop_stone, fountainhead,
          solitary_fountain, mrwooster_statue_mirror, minivault_23, st_stairs_8
D:4:      minmay_evil_eye, layout_cave_pools, minmay_temple_entry_large_hall,
          minmay_gold_behind_fungi

Skill      XL: |  1  2 |
---------------+-------+-----
Fighting       | 2 |  2.6
Throwing       | 2 |  2.6
Maces & Flails | 3 |  3.7
Dodging        | |  2.7

Action                   |  1- 3 |  4- 6 || total
-------------------------+-------+-------++-------
Melee: Flail             |   100 |   104 ||   204
       Tailslap          |    10 |    10 ||    20
       Punch             |       |     1 ||     1
  Use: Potion            |     4 |     6 ||    10
       Scroll            |       |    10 ||    10
Armor: Leather armour    |    38 |    65 ||   103
Dodge: Dodged            |    55 |    66 ||   121

Table legend: (Time is in decaauts)
 A = Elapsed time spent in this place.
 B = Non-inter-level travel time spent in this place.
 C = Inter-level travel time spent in this place.
 D = Time resting spent in this place.
 E = Time spent auto-exploring this place.
 F = Levels seen in this place.
 G = Mean time per level.
                   A        B        C        D        E       F      G
               +--------+--------+--------+--------+--------+-----+--------+
         Total |   2429 |   2297 |    132 |    414 |   1358 |   4 |  607.2 |
       Dungeon |   2429 |   2297 |    132 |    414 |   1358 |   4 |  607.2 |
               +--------+--------+--------+--------+--------+-----+--------+

Top non-repeatable levels by time:
     D:3: 976 daAuts
     D:1: 840 daAuts
     D:2: 595 daAuts
     D:4: 17 daAuts
